 Dungeon Crawl Stone Soup version 0.28.0 (webtiles) character file.

Game seed: 8999831125112000824

373 Hasart the Cudgeller (level 6, -3/51 HPs)
             Began as a Demigod Fighter on Feb 9, 2022.
             Slain by a sky beast (5 damage)
             ... on level 5 of the Dungeon.
             The game lasted 00:06:25 (4246 turns).

Hasart the Cudgeller (Demigod Fighter)              Turns: 4246, Time: 00:06:25

Health: -3/51      AC:  6    Str: 21    XL:     6   Next: 19%
Magic:  8/8        EV: 10    Int: 10    God:
Gold:   237        SH:  5    Dex: 17    Spells: 5/5 levels left

rFire   . . .      SeeInvis .   q - +1 flail (drain)
rCold   . . .      Faith    .   c - +0 buckler
rNeg    . . .      Spirit   .   b - +0 scale mail
rPois   +          Reflect  .   (no helmet)
rElec   .          Harm     .   (no cloak)
rCorr   .          Rampage  .   (no gloves)
Will    .....                   (no boots)
Stlth   ..........              j - amulet of the acrobat
HPRegen 0.17/turn               h - ring of poison resistance
MPRegen 0.11/turn               (no ring)

@: lethally poisoned (-3 -> -13)
A: high MP 1, forlorn, divine attributes
a: no special abilities


You were on level 5 of the Dungeon.
You visited 1 branch of the dungeon, and saw 5 of its levels.

You collected 237 gold pieces.

Inventory:

Hand Weapons
 q - a +1 flail of draining (weapon)
Missiles
 m - 6 poisoned darts (quivered)
 r - a throwing net
Armour
 b - a +0 scale mail (worn)
 c - a +0 buckler (worn)
Jewellery
 h - a ring of poison resistance (left hand)
 j - an amulet of the acrobat (around neck)
Wands
 a - a wand of flame (10)
 u - a wand of acid (8)
Scrolls
 f - a scroll of summoning {unknown}
 i - a scroll of identify {unknown}
 n - a scroll of noise {unknown}
 o - a scroll of silence {unknown}
 p - 2 scrolls of teleportation {unknown}
 s - a scroll of fog {unknown}
Potions
 d - a potion of might
 e - 2 potions of flight {unknown}
 g - 3 potions of curing {unknown}
 k - a potion of degeneration {unknown}
 l - a potion of haste {unknown}
 t - a potion of magic {unknown}


   Skills:
 + Level 3.5 Fighting
 * Level 3.8 Maces & Flails
 + Level 1.4 Throwing
 + Level 3.4 Armour
 + Level 2.1 Dodging
 + Level 3.5 Shields


You had 5 spell levels left.
You didn't know any spells.
Your spell library contained the following spells:

 Spells                   Type           Power      Damage    Failure   Level
 Foxfire                  Conj/Fire      0%         2x1d4     80%         1
 Corpse Rot               Necr/Air       0%         N/A       90%         2
 Poisonous Vapours        Pois/Air       0%         N/A       90%         2


Dungeon Overview and Level Annotations

Branches:
Dungeon (5/15)             Temple (0/1) D:4

Shops:
D:3 [


Innate Abilities, Weirdness & Mutations

You have an increased reservoir of magic. (+10% MP)
You shall have no god before yourself.
Your divine heritage dramatically boosts your attributes as you level up.


Message History

Your experience leads to a dramatic increase in your attributes!
Increase (S)trength, (I)ntelligence, or (D)exterity?
You feel agile. x4
The bullfrog skeleton completely misses you.
The sky beast flickers out of sight!
Deactivating autopickup; reactivate with Ctrl-A.
You open the door.
A scorpion comes into view.
You block the bullfrog skeleton's attack.
Something hits you but does no damage.
There is an open door here.
The scorpion completely misses you.
Okay, then.
A sky beast appears from thin air!
Reactivating autopickup.
The scorpion stings you but does no damage.
You open the door.
A shadow imp and 3 gnolls come into view.
The shadow imp shouts, "Away with thee, thou quaking tip-merry lewdster!"
The gnoll shouts! x2
The scorpion stings you but does no damage.
Found 11 gold pieces.
You close the door.
A gnoll opens the door.
The shadow imp gestures at you. Pain shoots through your body!
* * * LOW HITPOINT WARNING * * *
The scorpion stings you.
* * * LOW HITPOINT WARNING * * *
You are lethally poisoned!
The scorpion poisons you!
Unknown command.
You barely miss the scorpion.
* * * LOW HITPOINT WARNING * * *
You feel very sick.
The sky beast flickers out of sight!
Deactivating autopickup; reactivate with Ctrl-A.
Something hits you.
* * * LOW HITPOINT WARNING * * *
Something shocks you.
You die...

.....># ......#
#.......# ......# .
#.......# ......# ..
#.......+ ......# ...
#.......# ......#
$... #.......#
...<..# .....
#.......# ......#
....gg##.......#
'######
....g.'@s......#
........
......#.{......+
........ ..5..
#........# ...
........ ....
#######'##....
.....##.
.######........).....
.....#
#.........Z.........
.....#
+...................
.....#
#......)............
#.......$...........


You could see a scorpion, 3 gnolls and a shadow imp.

Vanquished Creatures
  An ogre (D:5)
  A jelly (D:4)
  A centaur skeleton (D:4)
  7 adders
  7 gnolls
  2 worms
  A dart slug (D:1)
  5 orcs (D:4)
  3 ball pythons (D:4)
  6 endoplasms
  9 giant cockroaches
  9 goblins
  10 hobgoblins
  2 jackals (D:2)
  5 quokkas
  4 bats
  4 frilled lizards
  10 kobolds
  3 rats
90 creatures vanquished.

Notes
Turn   | Place    | Note
-------+----------+-------------------------------------------
     0 | D:1      | Hasart the Demigod Fighter began the quest for the Orb.
     0 | D:1      | Reached XP level 1. HP: 18/18 MP: 3/3
   185 | D:1      | Reached XP level 2. HP: 24/25 MP: 4/4
   438 | D:1      | Got Plato's Almanac of Arcane Weapons
   907 | D:1      | Reached XP level 3. HP: 30/30 MP: 5/5
  1300 | D:2      | Reached skill level 1 in Dodging
  1856 | D:2      | Reached XP level 4. HP: 38/38 MP: 6/6
  2263 | D:3      | Found Satod's Antique Armour Shop.
  3462 | D:4      | Found a staircase to the Ecumenical Temple.
  3467 | D:4      | Reached XP level 5. HP: 45/45 MP: 7/7
  3624 | D:4      | Reached skill level 1 in Throwing
  4111 | D:5      | Entered Level 5 of the Dungeon
  4222 | D:5      | Noticed an ogre
  4225 | D:5      | Noticed a sky beast
  4231 | D:5      | Killed an ogre
  4232 | D:5      | Reached XP level 6. HP: 14/51 MP: 8/8
  4246 | D:5      | HP: 2/51 [something (2)]
  4246 | D:5      | Slain by a sky beast

Illustrated notes

Levels and vault maps discovered:
D:1:      heliophobic_arrival_enchanted_forest, layout_basic,
          shapermc_ecumenical_altar_rom_forum, minmay_statues_item,
          nicolae_wormholes
D:2:      layout_basic
D:3:      layout_basic, nicolae_uskayaw_murder_on_the_dancefloor, serial_shops,
          shop_statue
D:4:      layout_loops_ring, minmay_temple_entry_steel_oval
D:5:      layout_gridville, yredelemnul_altar_generic, lemuel_crystal_altar

Skill      XL: |  1  2  3  4  5 |
---------------+----------------+-----
Maces & Flails | 2 3 |  3.8
Fighting       | 3 |  3.5
Shields        | 3 |  3.5
Dodging        | 1 2 |  2.1
Armour         | 3 |  3.4
Throwing       | 1 |  1.4

Action                   |  1- 3 |  4- 6 || total
-------------------------+-------+-------++-------
Melee: Flail             |   149 |   127 ||   276
Armor: Scale mail        |    61 |    46 ||   107
Dodge: Dodged            |    79 |    65 ||   144
Block: Buckler           |    32 |    29 ||    61
